 Dungeon Crawl Stone Soup version 0.29.0-4-gdea44cf6ec (webtiles) character file.

Game seed: 7226754094656908153

376 qw the Chopper (level 6, -10/51 HPs)
             Began as a Ghoul Summoner on Sept 9, 2022.
             Mangled by an ogre
             ... wielding a +0 giant club
              (13 damage)
             ... on level 5 of the Dungeon.
             The game lasted 00:02:46 (6156 turns).

qw the Chopper (Ghoul Summoner)                     Turns: 6156, Time: 00:02:46

Health: -10/51     AC: 10    Str: 14    XL:     6   Next: 73%
Magic:  7/7        EV:  6    Int: 10    God:
Gold:   168        SH:  5    Dex:  9    Spells: 7/8 levels left

rFire   . . .      SeeInvis .   Y - +1 war axe
rCold   + . .      Faith    .   (no shield)
rNeg    + + +      Spirit   .   c - +0 chain mail
rPois   inf        Reflect  +   (no helmet)
rElec   .          Harm     .   p - +0 cloak
rCorr   .          Rampage  .   f - +0 pair of gloves
Will    .....                   (no boots)
Stlth   ..........              g - amulet of reflection
HPRegen 0.00/turn               l - +4 ring of protection
MPRegen 0.10/turn               (no ring)

@: corroded, inhibited regen
A: claws 1, cold resistance 1, negative energy resistance 3, inhibited
regeneration, torment resistance 2, devour on kill
a: no special abilities


You were on level 5 of the Dungeon.
You visited 1 branch of the dungeon, and saw 5 of its levels.
You also visited: Ossuary.

You collected 246 gold pieces.
You spent 78 gold pieces at shops.


Innate Abilities, Weirdness & Mutations

You are immune to poison.
You have sharp fingernails.
Your flesh is cold resistant. (rC+)
You are immune to negative energy. (rN+++)
You do not regenerate when monsters are visible.
You are immune to unholy pain and torment.
You thrive by killing the living.


   Skills:
 - Level 3.1 Fighting
 - Level 5.0 Axes
 + Level 1.2 Armour
 - Level 1.7 Dodging
 - Level 2.1 Stealth
 - Level 1.7 Spellcasting
 - Level 3.6 Summonings


You had 7 spell levels left.
You knew the following spells:

 Your Spells              Type           Power      Damage    Failure   Level
a - Summon Small Mammal   Summ           32%        N/A       90%         1

Your spell library contained the following spells:

 Spells                   Type           Power      Damage    Failure   Level
 Call Imp                 Summ           8%         N/A       97%         2
 Call Canine Familiar     Summ           8%         N/A       99%         3
 Summon Guardian Golem    Hex/Summ       4%         N/A       100%        3
 Summon Lightning Spire   Summ/Air       4%         N/A       100%        4

Inventory:

Hand Weapons
 d - a +1 mace of protection
 Y - a +1 war axe (weapon)
Armour
 c - a +0 chain mail (worn)
 f - a +0 pair of gloves (worn)
 p - a +0 cloak (worn)
Jewellery
 e - a ring of flight
 g - an amulet of reflection (around neck)
 k - a ring of ice
 l - a +4 ring of protection (left hand)
Scrolls
 a - 4 scrolls of identify
Potions
 b - 2 potions of curing
 h - a potion of mutation
 j - a potion of might
 o - 2 potions of haste
 q - a potion of cancellation

Dungeon Overview and Level Annotations

Branches:
Dungeon (5/15)            Ossuary (visited)
 Temple: D:4-7

Altars:
Kikubaaqudgha

Shops:
D:2 !


Message History

The jelly barely misses you.
The iguana bites you but does no damage.
The orc priest mumbles some strange prayers to Beogh against you.
Beogh smites you!
A gnoll comes into view. It is wielding a +0 flail.
You completely miss the ogre.
The ogre is almost dead.
You hit the jelly.
Your hands burn!
You closely miss the water moccasin. You closely miss the iguana.
The water moccasin bites you but does no damage.
The orc priest mumbles some strange prayers to Beogh against you.
Beogh smites you! The jelly hits you but does no damage.
An iguana comes into view.
You block the ogre's attack.
An orc comes into view. It is wielding a +0 whip.
The iguana bites you.
6154 ||| DRINKING potion of heal wounds.
You feel much better. You block the water moccasin's attack.
The water moccasin bites you but does no damage.
The orc priest miscasts a cantrip.
You block the jelly's attack. The iguana bites you.
You barely miss the ogre.
The ogre is almost dead.
You hit the jelly.
Your hands burn!
You hit the water moccasin. You hit the iguana.
The water moccasin bites you but does no damage.
The ogre hits you with a +0 giant club. The jelly hits you.
You are splashed with acid!
A gnoll comes into view. It is wielding a +0 whip.
The iguana bites you but does no damage.
The water moccasin bites you but does no damage.
You hit the ogre.
The ogre is almost dead.
You hit the jelly. The acid corrodes you!
Your hands burn!
You hit the water moccasin. You hit the iguana. You closely miss the gnoll.
The sentinel's mark upon you fades away.
The water moccasin bites you. The gnoll hits you with a +0 flail.
The jelly barely misses you. The ogre hits you with a +0 giant club!
You die...

.........#.....#
....>....#..#(.#
...............#
......<...#.!###
.........#####.##
....#....####...#
...####.........# ...#
#..<....)g###
...####.......gJ@.#
...#..........hSOlY...#
#..>..#......g.go......
#.##..###.......g......
.. ..... #..l......o$...
........o.#.........#.
.....##.................
..... #....#....#g.....
..... ..


You could see a water moccasin, a sky beast, an ogre, a gnoll sergeant, 2
iguanas, a hound, a jelly, an orc priest, 5 gnolls and 2 orcs.

Vanquished Creatures
  A phantom (D:4)
  A scorpion (D:4)
  An orc wizard (D:4)
  3 mummies (Ossuary)
  7 adders
  2 gnolls (D:5)
  A shadow imp (D:5)
  3 worms
  3 dart slugs
  6 orcs
  4 ball pythons
  3 endoplasms (D:3)
  3 giant cockroaches
  5 goblins
  6 hobgoblins
  2 kobolds
  A quokka (D:1)
  3 bats (D:3)
  3 frilled lizards (D:3)
  A gnoll zombie (Ossuary)
  4 goblin zombies (Ossuary)
  3 hobgoblin zombies (Ossuary)
  A kobold zombie (Ossuary)
  4 rats
71 creatures vanquished.

Vanquished Creatures (collateral kills)
  An adder (D:2)
  A giant cockroach (D:1)
  2 goblins (D:1)
  2 hobgoblins
  2 ball pythons
  A bat (D:2)
  A kobold (D:2)
  A rat (D:2)
11 creatures vanquished.

Grand Total: 82 creatures vanquished

Notes
Turn   | Place    | Note
-------+----------+-------------------------------------------
     0 | D:1      | qw the Ghoul Summoner began the quest for the Orb.
     0 | D:1      | Reached XP level 1. HP: 14/14 MP: 2/2
     0 | D:1      | 0 ||| qw: Version: 0.1-a-113-g051387a
     0 | D:1      | 0 ||| qw: Game counter: 7271
     0 | D:1      | 0 ||| qw: Always use a shield: true
     0 | D:1      | 0 ||| qw: God list: Okawaru
     0 | D:1      | 0 ||| qw: Allow faded altars: false
     0 | D:1      | 0 ||| qw: Do Orc after D:15 true
     0 | D:1      | 0 ||| qw: Do second Lair branch before Depths: true
     0 | D:1      | 0 ||| qw: Lair rune preference: random
     0 | D:1      | 0 ||| qw: Plans: Normal
     0 | D:1      | 0 ||| PLANNING D:1-11
    19 | D:1      | 19 ||| CASTING Summon Small Mammal
    20 | D:1      | 20 ||| CASTING Summon Small Mammal
    32 | D:1      | 32 ||| CASTING Summon Small Mammal
    38 | D:1      | HP: 3/14 [constriction (1)]
    38 | D:1      | HP: 1/14 [constriction (1)]
    43 | D:1      | HP: 1/14 [giant cockroach (1)]
    44 | D:1      | 44 ||| CASTING Summon Small Mammal
   363 | D:1      | 363 ||| CASTING Summon Small Mammal
   364 | D:1      | 364 ||| CASTING Summon Small Mammal
   370 | D:1      | Reached skill level 1 in Axes
   390 | D:1      | 390 ||| Wielding weapon +0 dagger.
   422 | D:1      | 422 ||| CASTING Summon Small Mammal
   423 | D:1      | 423 ||| CASTING Summon Small Mammal
   435 | D:1      | 435 ||| CASTING Summon Small Mammal
   480 | D:1      | 480 ||| CASTING Summon Small Mammal
   481 | D:1      | 481 ||| CASTING Summon Small Mammal
   484 | D:1      | Reached XP level 2. HP: 22/22 MP: 0/3
   553 | D:1      | 553 ||| CASTING Summon Small Mammal
   554 | D:1      | 554 ||| CASTING Summon Small Mammal
   555 | D:1      | 555 ||| CASTING Summon Small Mammal
   594 | D:1      | 594 ||| SWAPPING to +0 club.
   595 | D:1      | 595 ||| DROPPING +0 dagger.
   630 | D:1      | 630 ||| CASTING Summon Small Mammal
   631 | D:1      | 631 ||| CASTING Summon Small Mammal
   632 | D:1      | 632 ||| CASTING Summon Small Mammal
   642 | D:1      | 642 ||| CASTING Summon Small Mammal
   645 | D:1      | Reached skill level 1 in Fighting
   707 | D:1      | 707 ||| CASTING Summon Small Mammal
   708 | D:1      | 708 ||| CASTING Summon Small Mammal
   709 | D:1      | 709 ||| CASTING Summon Small Mammal
   790 | D:1      | 790 ||| SWAPPING to +0 hand axe.
   884 | D:1      | 884 ||| CASTING Summon Small Mammal
   885 | D:1      | 885 ||| CASTING Summon Small Mammal
   886 | D:1      | 886 ||| CASTING Summon Small Mammal
   942 | D:1      | 942 ||| CASTING Summon Small Mammal
   943 | D:1      | 943 ||| CASTING Summon Small Mammal
  1008 | D:1      | Found a faded altar of an unknown god.
  1031 | D:1      | 1031 ||| CASTING Summon Small Mammal
  1032 | D:1      | 1032 ||| CASTING Summon Small Mammal
  1033 | D:1      | 1033 ||| CASTING Summon Small Mammal
  1264 | D:1      | 1264 ||| UPGRADING to +0 ring mail.
  1274 | D:1      | 1274 ||| DROPPING +0 robe.
  1275 | D:1      | 1275 ||| READING scroll labelled UPRIOR ORAEXYU.
  1278 | D:1      | 1278 ||| READING scroll labelled XILIMEONKE.
  1279 | D:1      | 1279 ||| READING scroll labelled TOYSIKL RILY.
  1280 | D:1      | 1280 ||| DROPPING potion of magic.
  1303 | D:2      | Found Xuugut's Distillery.
  1311 | D:2      | 1311 ||| BUYING potion of curing (39 gold).
  1311 | D:2      | Bought a potion of curing for 39 gold pieces
  1311 | D:2      | 1311 ||| BUYING potion of curing (39 gold).
  1311 | D:2      | Bought a potion of curing for 39 gold pieces
  1311 | D:2      | 1311 ||| SHOPLISTING potion of heal wounds (65 gold, have
                  | 12).
  1311 | D:2      | 1311 ||| SHOPLISTING potion of might (52 gold, have 12).
  1320 | D:2      | 1320 ||| CASTING Summon Small Mammal
  1321 | D:2      | 1321 ||| CASTING Summon Small Mammal
  1322 | D:2      | 1322 ||| CASTING Summon Small Mammal
  1332 | D:2      | 1332 ||| CASTING Summon Small Mammal
  1421 | D:2      | 1421 ||| CASTING Summon Small Mammal
  1422 | D:2      | 1422 ||| CASTING Summon Small Mammal
  1423 | D:2      | 1423 ||| CASTING Summon Small Mammal
  1473 | D:2      | 1473 ||| CASTING Summon Small Mammal
  1474 | D:2      | 1474 ||| CASTING Summon Small Mammal
  1475 | D:2      | 1475 ||| CASTING Summon Small Mammal
  1495 | D:2      | HP: 1/23 [worm (7)]
  1810 | D:2      | 1810 ||| CASTING Summon Small Mammal
  1811 | D:2      | 1811 ||| CASTING Summon Small Mammal
  2026 | D:2      | Reached skill level 2 in Axes
  2026 | D:2      | Reached XP level 3. HP: 20/28 MP: 4/4
  2105 | D:2      | 2105 ||| Stepping ~*~*~tactically~*~*~ (stealth).
  2112 | D:2      | 2112 ||| Stepping ~*~*~tactically~*~*~ (stealth).
  2129 | D:2      | 2129 ||| Stepping ~*~*~tactically~*~*~ (hiding).
  2133 | D:2      | 2133 ||| CASTING Summon Small Mammal
  2134 | D:2      | 2134 ||| CASTING Summon Small Mammal
  2135 | D:2      | 2135 ||| CASTING Summon Small Mammal
  2136 | D:2      | 2136 ||| CASTING Summon Small Mammal
  2184 | D:2      | 2184 ||| DROPPING +0 club.
  2253 | D:2      | 2253 ||| CASTING Summon Small Mammal
  2254 | D:2      | 2254 ||| CASTING Summon Small Mammal
  2255 | D:2      | 2255 ||| CASTING Summon Small Mammal
  2256 | D:2      | 2256 ||| CASTING Summon Small Mammal
  2350 | D:2      | 2350 ||| Stepping ~*~*~tactically~*~*~ (stealth).
  2352 | D:2      | 2352 ||| CASTING Summon Small Mammal
  2353 | D:2      | 2353 ||| CASTING Summon Small Mammal
  2354 | D:2      | 2354 ||| CASTING Summon Small Mammal
  2355 | D:2      | 2355 ||| CASTING Summon Small Mammal
  2415 | D:2      | 2415 ||| CASTING Summon Small Mammal
  2416 | D:2      | 2416 ||| CASTING Summon Small Mammal
  2417 | D:2      | 2417 ||| CASTING Summon Small Mammal
  2418 | D:2      | 2418 ||| CASTING Summon Small Mammal
  2575 | D:2      | 2575 ||| CASTING Summon Small Mammal
  2576 | D:2      | 2576 ||| CASTING Summon Small Mammal
  2577 | D:2      | 2577 ||| CASTING Summon Small Mammal
  2578 | D:2      | 2578 ||| CASTING Summon Small Mammal
  2655 | D:2      | 2655 ||| CASTING Summon Small Mammal
  2656 | D:2      | 2656 ||| CASTING Summon Small Mammal
  2657 | D:2      | 2657 ||| CASTING Summon Small Mammal
  2658 | D:2      | 2658 ||| CASTING Summon Small Mammal
  2727 | D:2      | 2727 ||| CASTING Summon Small Mammal
  2728 | D:2      | 2728 ||| CASTING Summon Small Mammal
  2729 | D:2      | 2729 ||| CASTING Summon Small Mammal
  2730 | D:2      | 2730 ||| CASTING Summon Small Mammal
  2818 | D:2      | 2818 ||| UPGRADING to +0 chain mail.
  2828 | D:2      | 2828 ||| DROPPING +0 ring mail.
  2829 | D:2      | 2829 ||| UPGRADING to +0 pair of gloves.
  2834 | D:2      | 2834 ||| UPGRADING to amulet of reflection.
  2839 | D:2      | 2839 ||| READING scroll labelled LANUEB IXUSOH.
  2840 | D:2      | 2840 ||| READING scroll labelled ROUMPIMIQU.
  2841 | D:2      | 2841 ||| READING scroll labelled PONIDAUTIO.
  2842 | D:2      | 2842 ||| DRINKING 2 puce potions.
  2857 | D:3      | 2857 ||| STAIRDANCE
  2876 | D:3      | 2876 ||| Stepping ~*~*~tactically~*~*~ (stealth).
  2918 | D:3      | Reached skill level 1 in Armour
  2918 | D:3      | Reached XP level 4. HP: 20/36 MP: 5/5
  3094 | D:3      | 3094 ||| Stepping ~*~*~tactically~*~*~ (stealth).
  3375 | D:3      | 3375 ||| Stepping ~*~*~tactically~*~*~ (hiding).
  3533 | D:3      | Reached skill level 3 in Axes
  3679 | D:3      | 3679 ||| UPGRADING to +0 cloak.
  3684 | D:3      | 3684 ||| READING scroll labelled NIJUIK FOJOLITZ.
  3685 | D:3      | 3685 ||| DRINKING 2 smoky cyan potions.
  3686 | D:3      | 3686 ||| DRINKING 2 dark potions.
  3687 | D:3      | 3687 ||| READING 2 scrolls of identify.
  3687 | D:3      | 3687 ||| IDENTIFYING sapphire potion
  3688 | D:3      | 3688 ||| DROPPING potion of lignification.
  3689 | D:3      | 3689 ||| DROPPING potion of degeneration.
  3760 | D:4      | 3760 ||| Stepping ~*~*~tactically~*~*~ (stealth).
  3830 | D:4      | Reached XP level 5. HP: 41/41 MP: 6/6
  3903 | D:4      | 3903 ||| Stepping ~*~*~tactically~*~*~ (stealth).
  3906 | D:4      | HP: 10/41 [orc/+1 mace of protection (2)]
  3907 | D:4      | 3907 ||| READING scroll of teleportation.
  3908 | D:4      | 3908 ||| DRINKING potion of heal wounds.
  3922 | D:4      | Reached skill level 4 in Axes
  4095 | D:4      | 4095 ||| Stepping ~*~*~tactically~*~*~ (stealth).
  4097 | D:4      | 4097 ||| Stepping ~*~*~tactically~*~*~ (stealth).
  4184 | D:4      | 4184 ||| Stepping ~*~*~tactically~*~*~ (stealth).
  4206 | D:4      | HP: 8/41 [orc/+1 mace of protection (7)]
  4207 | D:4      | 4207 ||| READING scroll of teleportation.
  4208 | D:4      | 4208 ||| DRINKING potion of heal wounds.
  4312 | D:4      | 4312 ||| Invisible monster not found???
  4457 | D:4      | HP: 10/42 [something (1)]
  4463 | D:4      | 4463 ||| DRINKING 2 potions of curing.
  4463 | D:4      | 4463 ||| (to cure confusion)
  4468 | D:4      | HP: 10/42 [something (2)]
  4693 | D:4      | 4693 ||| DROPPING +0 whip.
  4722 | D:4      | 4722 ||| Stepping ~*~*~tactically~*~*~ (stealth).
  4723 | D:4      | 4723 ||| SWAPPING to +0 war axe.
  4724 | D:4      | 4724 ||| Stepping ~*~*~tactically~*~*~ (stealth).
  4725 | D:4      | 4725 ||| Stepping ~*~*~tactically~*~*~ (stealth).
  4726 | D:4      | 4726 ||| DROPPING +0 hand axe.
  4758 | D:4      | Reached skill level 3 in Fighting
  4758 | D:4      | Reached XP level 6. HP: 47/51 MP: 7/7
  4989 | D:4      | 4989 ||| READING scroll labelled UNAEHO NELONOK.
  4990 | D:4      | 4990 ||| READING scroll labelled SACARE MIUD.
  4991 | D:4      | 4991 ||| READING 3 scrolls of identify.
  4991 | D:4      | 4991 ||| IDENTIFYING clear potion
  4992 | D:4      | 4992 ||| READING 2 scrolls of identify.
  4992 | D:4      | 4992 ||| IDENTIFYING orange potion
  4993 | D:4      | 4993 ||| DROPPING potion of invisibility.
  5032 | D:5      | Entered Level 5 of the Dungeon
  5033 | D:5      | 5033 ||| PLANNING OSSUARY
  5034 | D:5      | Found a sand-covered staircase.
  5043 | Ossuary  | Entered an ossuary
  5043 | Ossuary  | Noticed a wraith
  5043 | Ossuary  | Noticed a wraith
  5043 | Ossuary  | Noticed a wraith
  5611 | Ossuary  | Noticed a wraith
  5622 | Ossuary  | HP: 9/51 [wraith (8)]
  5623 | Ossuary  | 5623 ||| READING scroll of teleportation.
  5879 | Ossuary  | 5879 ||| UPGRADING to +4 ring of protection.
  5880 | Ossuary  | 5880 ||| READING scroll labelled AVONTON DUQ EXAFOP.
  5881 | Ossuary  | 5881 ||| DRINKING 2 metallic sapphire potions.
  5882 | Ossuary  | 5882 ||| READING 5 scrolls of identify.
  5882 | Ossuary  | 5882 ||| IDENTIFYING sedimented grey potion
  5883 | Ossuary  | 5883 ||| READING 4 scrolls of identify.
  5883 | Ossuary  | 5883 ||| IDENTIFYING fuming grey potion
  5884 | Ossuary  | 5884 ||| READING 3 scrolls of identify.
  5884 | Ossuary  | 5884 ||| IDENTIFYING fuming black potion
  5885 | Ossuary  | 5885 ||| READING 2 scrolls of identify.
  5885 | Ossuary  | 5885 ||| IDENTIFYING bubbling clear potion
  5886 | Ossuary  | 5886 ||| DROPPING potion of attraction.
  5887 | Ossuary  | 5887 ||| DROPPING potion of ambrosia.
  5888 | Ossuary  | 5888 ||| DROPPING potion of berserk rage.
  5905 | D:5      | 5905 ||| PLANNING D:1-11
  5974 | D:5      | Found an ancient bone altar of Kikubaaqudgha.
  6140 | D:5      | 6140 ||| FLEEEEING.
  6141 | D:5      | Noticed a water moccasin
  6147 | D:5      | Reached skill level 5 in Axes
  6150 | D:5      | Noticed a sky beast
  6153 | D:5      | HP: 7/51 [orc priest/divine providence (7)]
  6153 | D:5      | HP: 3/51 [iguana (4)]
  6154 | D:5      | 6154 ||| DRINKING potion of heal wounds.
  6156 | D:5      | Mangled by an ogre

Levels and vault maps discovered:
D:1:      dpeg_arrival_lava_temple_mockup, layout_basic,
          ebering_ecumenical_altar_sacrificial
D:2:      layout_basic, serial_shops, nicolae_shop_competitors_out_of_business,
          minmay_crystal_room
D:3:      layout_basic, elyvilon_altar_5, chequers_serial_rivers_micro_c,
          minmay_misc_feat_encased
D:4:      layout_basic
D:5:      layout_cave_pools, mainiacjoe_overflow_24_doors, serial_gnoll_camp,
          gnoll_camp_mini_house, gnoll_camp_mini_house, gnoll_camp_medium_01,
          gnoll_camp_mini_hut, gnoll_camp_mini_loothouse, gnoll_camp_mini_shop,
          nicolae_ossuary_entry_ruins

Skill      XL: |  1  2  3  4  5  6 |
---------------+-------------------+-----
Axes           | 1 2 3 4 5 |  5.0
Fighting       | 1 2 3 |  3.1
Armour         | 1 |  1.2
Dodging        | |  1.7
Stealth        | |  2.1
Spellcasting   | |  1.7
Summonings     | |  3.6

Action                   |  1- 3 |  4- 6 || total
-------------------------+-------+-------++-------
Melee: Unarmed           |    22 |       ||    22
       Dagger            |     5 |       ||     5
       Hand axe          |    81 |   211 ||   292
       Club              |     3 |       ||     3
       Punch             |     4 |     3 ||     7
       War axe           |       |   124 ||   124
 Cast: Summon Small Mamm |    62 |       ||    62
  Use: Scroll            |     6 |    14 ||    20
       Potion            |     1 |     7 ||     8
Armor: Robe              |    14 |       ||    14
       Ring mail         |    17 |       ||    17
       Chain mail        |    14 |   189 ||   203
Dodge: Dodged            |    67 |    74 ||   141
Block: Other             |     9 |    73 ||    82
       Reflection        |       |     1 ||     1

Table legend:
 A = Non-vault XP
 B = Vault XP
 C = Vault XP percentage of total XP
 D = Non-vault monster count
 E = Vault monster count
 F = Vault count percentage of total count
                 A         B        C        D         E       F
            +---------+---------+-------+---------+---------+-------
      Total |     448 |      90 |  16.7 |      68 |      14 |  17.1
            +---------+---------+-------+---------+---------+-------
        D:1 |      22 |       0 |   0.0 |      12 |       0 |   0.0
        D:2 |      52 |       0 |   0.0 |      14 |       0 |   0.0
        D:3 |      73 |       0 |   0.0 |      20 |       0 |   0.0
        D:4 |     277 |       0 |   0.0 |      20 |       0 |   0.0
        D:5 |      24 |      27 |  52.9 |       2 |       2 |  50.0
    Ossuary |       0 |      63 | 100.0 |       0 |      12 | 100.0
            +---------+---------+-------+---------+---------+-------
